 Dungeon Crawl Stone Soup version 0.17-a0-670-g5d95ebd (webtiles) character file.

49 tjtr the Sneak (level 3, -2/30 HPs)
             Began as a Naga Enchanter on Apr 17, 2015.
             Slain by a scorpion (7 damage)
             ... on level 3 of the Dungeon on Apr 18, 2015.
             The game lasted 00:13:37 (2515 turns).

tjtr the Sneak (Naga Enchanter)                     Turns: 2515, Time: 00:13:37

Health: -2/30      AC:  3    Str: 10    XL:     3   Next: 77%
Magic:  6/6        EV: 10    Int: 15    God:
Gold:   69         SH:  0    Dex: 12    Spells: 1 memorised, 5 levels left

rFire  . . .     SeeInvis +     a - +1 dagger
rCold  . . .     Clarity  .     b - +1 robe
rNeg   . . .     SustAb   .     (no shield)
rPois  +         Gourm    .     (no helmet)
rElec  .         Spirit   .     (no cloak)
rCorr  .         Warding  .     (no gloves)
rMut   .         Stasis   .     (no barding)
MR     .....                    (no amulet)
Stlth  +++.......               (no ring)
                                (no ring)

@: very slow, not resistant to hostile enchantments, fairly stealthy
A: see invisible, deformed body, poison resistance, slowness 2, spit poison 2,
AC +1
a: Spit Poison


You were on level 3 of the Dungeon.
You were not hungry.

You visited 1 branch of the dungeon, and saw 3 of its levels.

You collected 69 gold pieces.

Inventory:

Hand weapons
 a - a +1 dagger (weapon)
 o - a +2 hunting sling of flaming
 p - a +0 short sword
Missiles
 e - 17 poisoned needles
 f - 26 sling bullets
 l - 51 stones (quivered)
Armour
 b - a +1 robe (worn)
Scrolls
 g - a scroll of enchant weapon {unknown}
 h - a scroll of amnesia {unknown}
 k - 2 scrolls of fear {unknown}
 m - 2 scrolls of teleportation {unknown}
Potions
 d - a potion of brilliance
Books
 c - a book of Maledictions

   Spells                             Type                      Level
   a - Corona                         Hexes                        1
   b - Ensorcelled Hibernation        Hexes/Ice                    2
   c - Confuse                        Hexes                        3
   d - Tukima's Dance                 Hexes                        3
   e - Dazzling Spray                 Conjuration/Hexes            3
Comestibles
 j - 3 beef jerkies
 n - a bread ration


   Skills:
 + Level 0.4 Fighting
 + Level 1.4 Short Blades
 + Level 2.2 Dodging
 + Level 4.8 Stealth
 + Level 2.3 Spellcasting
 + Level 3.3 Hexes


You had 5 spell levels left.
You knew the following spells:

 Your Spells              Type           Power        Failure   Level  Hunger
a - Corona                Hex            ##.....      8%          1    #......


Dungeon Overview and Level Annotations

Branches:
Dungeon (3/15)

Altars:


Innate Abilities, Weirdness & Mutations

You cannot wear boots.
Your serpentine skin is tough (AC +1).
You have supernaturally acute eyesight.
Armour fits poorly on your strangely shaped body.
Your system is resistant to poisons.
You cover ground very slowly.
You can spit poison.


Message History

Press: ? - help, Shift-Dir - straight line, f/p - scorpion
Aim: a scorpion (severely wounded)
You shoot a stone.
The stone hits the scorpion but does no damage.
The scorpion is severely wounded.
The scorpion stings you!
Wield which item (- for none, * to show all)? (? for menu, Esc to quit)
Your +2 hunting sling of flaming stops flaming.
a - a +1 dagger (weapon)
The scorpion barely misses you.
You hit the scorpion but do no damage.
The scorpion is severely wounded.
The scorpion stings you.
You hit the scorpion but do no damage.
The scorpion is severely wounded.
The scorpion stings you.
* * * LOW HITPOINT WARNING * * *
It was a potion of cancellation.
You feel magically purged. The scorpion stings you!
You die...

##+## ...# #..#
##..########.#
###...#<.......#
#......@###.#..#
#.#...#s# .
...##..#.###...#
######..#(.(..#
..%####### ##.##
#.# #.# #.#


You could see a scorpion.

Vanquished Creatures
  An adder (D:2)
  2 worms (D:2)
  4 giant cockroaches
  4 goblins
  2 hobgoblins
  A ball python (D:1)
  5 bats (D:1)
  A giant gecko (D:2)
  10 giant newts
  4 kobolds
  4 rats (D:1)
38 creatures vanquished.

Notes
Turn   | Place    | Note
--------------------------------------------------------------
     0 | D:1      | tjtr, the Naga Enchanter, began the quest for the Orb.
     0 | D:1      | Reached XP level 1. HP: 15/15 MP: 3/3
   179 | D:1      | Reached XP level 2. HP: 16/22 MP: 5/5
   432 | D:1      | Upgraded the game from 0.17-a0-649-g87edefa to 0.17-a0-670-g5d95ebd
  1257 | D:1      | Reached XP level 3. HP: 27/30 MP: 6/6
  2498 | D:3      | Noticed a scorpion
  2515 | D:3      | Slain by a scorpion

Action                   || total
-------------------------++-------
Melee: Dagger            ||   141
 Fire: Hunting sling     ||    12
Throw: Stone             ||    19
 Cast: Corona            ||    17
  Use: Potion            ||     5
       Scroll            ||     3
 Stab: Sleeping          ||     4
  Eat: Chunk             ||     1
       Bread ration      ||     1
